 Dungeon Crawl Stone Soup version 0.18.1-50-g88ac8fd (console) character file.

6556 Kloppie the Cleaver (level 11, -4/159 HPs)
             Began as a Hill Orc Berserker on Sept 21, 2016.
             Was a High Priest of Trog.
             Slain by Snorg (6 damage)
             ... on level 10 of the Dungeon.
             The game lasted 00:11:44 (6845 turns).

Kloppie the Cleaver (Hill Orc Berserker)            Turns: 6845, Time: 00:11:44

Health: -4/159     AC: 16    Str: 29    XL:     11   Next: 1%
Magic:  3/3        EV: 10    Int:  7    God:    Trog [*****.]
Gold:   421        SH:  0    Dex: 18    Spells: 0 memorised, 10 levels left

rFire  + . .     SeeInvis .     b - +3 broad axe (antimagic)
rCold  . . .     Gourm    .     v - +1 chain mail {MR+}
rNeg   . . .     Faith    .     (no shield)
rPois  .         Spirit   .     (no helmet)
rElec  .         Dismiss  .     q - +1 cloak
rCorr  .         Reflect  .     r - +0 pair of gloves {Dex+3}
SustAt .         Harm     .     (no boots)
MR     +....                    C - amulet of regeneration
Stlth  ..........               h - +5 ring of dexterity
                                z - ring of stealth

@: berserking, very quick, somewhat resistant to hostile enchantments, extremely
unstealthy
A: fire resistance 1, robust 1
a: Berserk, Trog's Hand, Brothers in Arms, Burn Spellbooks, Renounce Religion


You were on level 10 of the Dungeon.
You worshipped Trog.
Trog was extremely pleased with you.
You were very hungry.

You visited 1 branch of the dungeon, and saw 10 of its levels.

You collected 421 gold pieces.

Inventory:

Hand Weapons
 a - a +2 hand axe of venom
 b - a +3 antimagic broad axe (weapon)
 D - a +0 battleaxe
Armour
 q - a +1 cloak (worn)
 r - a +0 pair of gloves of dexterity (worn)
 v - a +1 chain mail of magic resistance (worn)
Jewellery
 h - a +5 ring of dexterity (right hand)
 z - a ring of stealth (left hand)
 C - an amulet of regeneration (around neck)
Wands
 o - a wand of disintegration (17/24)
 x - a wand of random effects (28/48)
 y - a wand of lightning (15/15)
 F - a wand of confusion (23/48)
Scrolls
 d - 3 scrolls of teleportation
 i - 9 scrolls of identify
 j - 2 scrolls of magic mapping
 m - 4 scrolls of remove curse
 t - a scroll of fog
 u - a scroll of enchant armour
 A - a scroll of blinking
 B - a scroll of random uselessness
 E - a scroll of recharging
Potions
 e - 2 potions of curing
 f - 3 potions of heal wounds
 g - 2 potions of berserk rage
 p - a potion of cure mutation
 s - a potion of brilliance {unknown}
 w - a potion of might
Comestibles
 c - 3 bread rations
 k - 3 meat rations
 n - a slice of pizza


   Skills:
 - Level 9.2 Fighting
 + Level 14.7 Axes
 + Level 10.3 Armour
 - Level 1.5 Dodging


You had 10 spell levels left.
You didn't know any spells.

Dungeon Overview and Level Annotations

Branches:
Dungeon (10/15)            Temple (0/1) D:4            Lair (0/8) D:10
    Orc (0/2) D:10

Altars:
Ashenzari
Dithmenos
Elyvilon
Gozag
Makhleb
Nemelex Xobeh
Ru
Sif Muna
Trog
Xom
Yredelemnul
Zin

Annotations:
D:10 Snorg


Innate Abilities, Weirdness & Mutations

Your flesh is heat resistant.
You are robust (+10% HP).


Message History

Snorg barely misses you. Snorg claws you!
* * * LOW HITPOINT WARNING * * *
Snorg completely misses you.
You slice Snorg like a ripe choko!!!
Snorg is heavily wounded.
Snorg bites you!
* * * LOW HITPOINT WARNING * * *
Snorg claws you but does no damage. x2
You slice Snorg!!
Snorg is severely wounded.
Snorg closely misses you. Snorg claws you but does no damage. Snorg claws you.
* * * LOW HITPOINT WARNING * * *
You slash Snorg!
Snorg is severely wounded.
You slice Snorg!!
Snorg is almost dead.
Snorg bites you!
* * * LOW HITPOINT WARNING * * *
Snorg claws you but does no damage. Snorg claws you.
You die...

*###### **********
*.....# ,,*,,,,,,*
*.....# ,,*,,,,,,*
*.....# ,,**,,,,,*
*.....# ,,**,,,,**
###.....# ,,**,,,,**
#.......# >,*,,,,,,*
#.<)....# ,,+,,,,,,*
#†@.....#
,,************#.T.....#
,,**,,,,**,,,,#.......#
,,,,,,,,,,,,,,#.......#
,,,,,,,,,,,,,,+.......#
,,,,,,,,,,,,,,#.......#
,,,,,,,,**,,*,........#
,,,,,,,,**,,**#########
,,,,,,,,*,,,,*


You could see Snorg (berserk).

Vanquished Creatures
  The ghost of baghtru the Cleaver, a novice HOBe of Trog (D:9)
  An unseen horror (D:10)
  A gargoyle (D:10)
  Grinder (D:5)
  Prince Ribbit (D:7)
  A wyvern (D:8)
  A wraith (D:10)
  2 hippogriffs (D:8)
  Duvessa (D:5)
  3 ice beasts
  3 sky beasts
  4 orc warriors
  4 ogres
  A phantom (D:9)
  3 centaurs
  2 crocodiles
  Blork the orc (D:5)
  A big kobold (D:9)
  4 giant frogs
  Dowan (D:5)
  5 scorpions
  8 killer bees
  A howler monkey (D:4)
  A crimson imp (D:6)
  3 giant frog zombies
  7 hounds
  3 jellies
  3 orc wizards
  4 orc priests
  2 giant frog skeletons
  3 iguanas
  8 worker ants
  A hound zombie (D:5)
  A hound skeleton (D:8)
  A howler monkey skeleton (D:7)
  3 river rats (D:10)
  3 adders
  3 gnolls (D:7)
  2 shadow imps
  An adder zombie (D:5)
  2 worms (D:2)
  A dart slug (D:2)
  5 giant geckos
  33 orcs
  3 ball pythons
  2 giant cockroaches (D:2)
  11 goblins
  6 hobgoblins
  10 jackals
  14 kobolds
  4 quokkas
  21 bats
  4 giant newts
  17 rats
  A fungus (D:10)
234 creatures vanquished.

Notes
Turn   | Place    | Note
--------------------------------------------------------------
     0 | D:1      | Kloppie the Hill Orc Berserker began the quest for the Orb.
     0 | D:1      | Reached XP level 1. HP: 19/19 MP: 1/1
   139 | D:1      | Reached XP level 2. HP: 27/27 MP: 2/2
   574 | D:1      | Reached XP level 3. HP: 32/33 MP: 3/3
   626 | D:1      | Reached skill level 5 in Axes
   898 | D:2      | Reached ** piety under Trog
  1099 | D:2      | Found a shadowy altar of Dithmenos.
  1174 | D:2      | Found a bloodstained altar of Trog.
  1506 | D:2      | Found an opulent altar of Gozag.
  1795 | D:3      | Reached XP level 4. HP: 39/40 MP: 4/4
  1955 | D:3      | Found a sparkling altar of Nemelex Xobeh.
  1983 | D:3      | Reached *** piety under Trog
  2043 | D:3      | Reached XP level 5. HP: 38/46 MP: 5/5
  2135 | D:3      | Found a shimmering altar of Xom.
  2361 | D:4      | Found an opulent altar of Gozag.
  2361 | D:4      | Found a basalt altar of Yredelemnul.
  2362 | D:4      | Found a staircase to the Ecumenical Temple.
  2367 | D:4      | Reached skill level 6 in Axes
  2368 | D:4      | Found a deep blue altar of Sif Muna.
  2636 | D:4      | Reached XP level 6. HP: 43/52 MP: 6/6
  2723 | D:4      | Reached skill level 5 in Armour
  2748 | D:4      | Found a white marble altar of Elyvilon.
  2891 | D:4      | Reached skill level 7 in Axes
  3103 | D:5      | Entered Level 5 of the Dungeon
  3103 | D:5      | Noticed Grinder
  3123 | D:5      | Noticed Blork the orc
  3126 | D:5      | Paralysed by Grinder for 3 turns
  3134 | D:5      | Killed Grinder
  3134 | D:5      | Reached skill level 8 in Axes
  3134 | D:5      | Reached XP level 7. HP: 58/58 MP: 7/7
  3142 | D:5      | Killed Blork the orc
  3245 | D:5      | Noticed Dowan
  3247 | D:5      | Noticed Duvessa
  3271 | D:5      | Killed Duvessa
  3281 | D:5      | Killed Dowan
  3281 | D:5      | Reached skill level 9 in Axes
  3281 | D:5      | Reached XP level 8. HP: 33/66 MP: 8/8
  3459 | D:5      | Found a burning altar of Makhleb.
  3864 | D:5      | Gained mutation: Your flesh is heat resistant. [potion of beneficial mutation]
  3865 | D:5      | Gained mutation: You are robust (+10% HP). [potion of beneficial mutation]
  3962 | D:6      | Reached skill level 10 in Axes
  3963 | D:6      | Reached **** piety under Trog
  4030 | D:6      | Reached skill level 5 in Fighting
  4325 | D:6      | Found a shattered altar of Ashenzari.
  4387 | D:6      | Reached XP level 9. HP: 80/82 MP: 9/9
  4452 | D:7      | Reached skill level 11 in Axes
  4490 | D:7      | Noticed Prince Ribbit
  4502 | D:7      | Killed Prince Ribbit
  4740 | D:7      | Reached skill level 12 in Axes
  5407 | D:8      | Reached XP level 10. HP: 80/100 MP: 10/10
  5431 | D:8      | Reached skill level 13 in Axes
  5639 | D:8      | You fall through a shaft for 2 floors!
  5639 | D:10     | Entered Level 10 of the Dungeon
  5656 | D:10     | Reached ***** piety under Trog
  5657 | D:10     | Killed an unseen horror
  5756 | D:10     | Noticed a gargoyle
  5773 | D:10     | Killed a gargoyle
  5952 | D:9      | Reached skill level 14 in Axes
  6068 | D:9      | Received a gift from Trog
  6119 | D:9      | Noticed baghtru's ghost (novice HOBe)
  6159 | D:9      | Killed baghtru's ghost
  6159 | D:9      | Reached skill level 10 in Armour
  6360 | D:9      | Found a sacrificial altar of Ru.
  6460 | D:9      | Found a glowing silver altar of Zin.
  6828 | D:10     | Noticed Snorg
  6831 | D:10     | Reached XP level 11. HP: 96/106 MP: 3/11
  6845 | D:10     | HP: 2/159 [Snorg (13)]
  6845 | D:10     | Slain by Snorg

Skill      XL: |  1  2  3  4  5  6  7  8  9 10 |
---------------+-------------------------------+-----
Axes           | 5 6 8 9 10 12 14 | 14.7
Armour         | 3 4 6 7 10 | 10.3
Fighting       | 5 9 |  9.2
Dodging        | |  1.5

Action                   |  1- 3 |  4- 6 |  7- 9 | 10-12 || total
-------------------------+-------+-------+-------+-------++-------
Melee: Hand axe          |   135 |   147 |   315 |   123 ||   720
       Broad axe         |       |       |       |    79 ||    79
       Battleaxe         |       |       |       |    23 ||    23
Invok: Trog's Hand       |       |     3 |     5 |     4 ||    12
       Berserk           |       |     1 |     1 |     3 ||     5
  Use: Scroll            |       |       |     7 |    12 ||    19
       Potion            |       |       |     2 |       ||     2
  Eat: Chunk             |     3 |     4 |    11 |     7 ||    25
Armor: Plate armour      |    90 |    98 |    80 |       ||   268
       Animal skin       |     1 |       |       |       ||     1
       Chain mail        |       |       |    78 |   156 ||   234
Dodge: Dodged            |    41 |    30 |   113 |   101 ||   285
